TOP OF THE 1ST |
Southern California Trojans batting - Pitching for Arkansas Razorbacks : RHP Bernard Kilkenny
|
Pitching: RHP Bernard Kilkenny
|
|
Batting: RHB José Hernández
|
0-0: Ball 1-0: Called Strike 1-1: Ground out 6-3 (Groundball, 6)
|
Batting: RHB Ben Byrd
|
0-0: Called Strike 0-1: Called Strike 0-2: Ball 1-2: Strikes out swinging
|
Batting: LHB Kel Smith
|
0-0: Called Strike 0-1: Ball 1-1: Foul Ball, location: 2F 1-2: Foul Ball, location: 2F 1-2: Ball 2-2: SINGLE (Groundball, 2L) (infield hit)
|
Batting: RHB Mike Carter
|
0-0: Called Strike 0-1: Ball 1-1: Ball 2-1: Ball 3-1: 2-RUN HOME RUN (Line Drive, 7LD), Distance : 339 ft
|
Batting: SHB Will O'Clerkin
|
0-0: Ground out 5-3 (Groundball, 56)
|
Top of the 1st over - 2 run(s), 2 hit(s), 0 error(s), 0 left on base; Southern California 2 - Arkansas 0 |
BOTTOM OF THE 1ST |
Arkansas Razorbacks batting - Pitching for Southern California Trojans : RHP Walt Dempsey
|
Pitching: RHP Walt Dempsey
|
|
Batting: RHB Wayne Workman
|
0-0: Called Strike 0-1: SINGLE (Line Drive, 6MD)
|
Batting: RHB John Gauthier
|
0-0: Called Strike 0-1: Foul Ball, location: 2F 0-2: Ball 1-2: Ball 2-2: Foul Ball, location: 2F 2-2: SINGLE (Line Drive, 78S) Wayne Workman to second
|
Batting: LHB Jerry Casillas
|
0-0: Ball 1-0: Ball 2-0: Ball 3-0: Called Strike 3-1: Foul Ball, location: 2F 3-2: Foul Ball, location: 2F 3-2: Foul Ball, location: 2F 3-2: Foul Ball, location: 2F 3-2: Base on Balls Wayne Workman to third John Gauthier to second
|
Batting: RHB Jon Anderson
|
0-0: Ball 1-0: Ball 2-0: Ball 3-0: Called Strike 3-1: Base on Balls Wayne Workman scores John Gauthier to third Jerry Casillas to second
|
Batting: LHB Robert Mann
|
0-0: Called Strike 0-1: Swinging Strike 0-2: Ball 1-2: Ball 2-2: Foul Ball, location: 2F 2-2: Ball 3-2: Strikes out swinging
|
Batting: RHB Corey Nichols
|
0-0: Ball 1-0: SINGLE (Flyball, 7S) John Gauthier scores Jerry Casillas to third Jon Anderson to second
|
Batting: LHB Edgardo Aguilar
|
0-0: Ball 1-0: Ground out 6-3 (Groundball, 6S) Jerry Casillas scores Jon Anderson to third Corey Nichols to second
|
Batting: LHB Octávio Otero
|
0-0: Swinging Strike 0-1: SINGLE (Groundball, 4MD) Jon Anderson scores Corey Nichols to third Runner from 3rd tries for Home, SAFE, no throw
|
Batting: LHB Phil Bishop
|
0-0: SINGLE (Line Drive, 4MD) Octávio Otero to second
|
Batting: RHB Wayne Workman
|
0-0: Ball 1-0: Called Strike 1-1: Swinging Strike 1-2: Ball 2-2: Fly out, F7 (Line Drive, 7)
|
Bottom of the 1st over - 5 run(s), 5 hit(s), 0 error(s), 2 left on base; Southern California 2 - Arkansas 5 |
TOP OF THE 2ND |
Southern California Trojans batting - Pitching for Arkansas Razorbacks : RHP Bernard Kilkenny
|
Batting: RHB Enrico Davis
|
0-0: Ball 1-0: Ball 2-0: Ball 3-0: Called Strike 3-1: Foul Ball, location: 2F 3-2: Ground out 6-3 (Groundball, 6)
|
Batting: LHB Steve Herman
|
0-0: Called Strike 0-1: Called Strike 0-2: Ball 1-2: Ball 2-2: Fly out, F9 (Flyball, 9)
|
Batting: RHB Eddy Davenport
|
0-0: Called Strike 0-1: Foul Ball, location: 2F 0-2: Foul Ball, location: 2F 0-2: Ball 1-2: Foul Ball, location: 2F 1-2: Strikes out swinging
|
Top of the 2nd over - 0 run(s), 0 hit(s), 0 error(s), 0 left on base; Southern California 2 - Arkansas 5 |
BOTTOM OF THE 2ND |
Arkansas Razorbacks batting - Pitching for Southern California Trojans : RHP Walt Dempsey
|
Batting: RHB John Gauthier
|
0-0: Ball 1-0: Swinging Strike 1-1: Ball 2-1: Foul Ball, location: 2F 2-2: Ground out 4-3 (Groundball, 4)
|
Batting: LHB Jerry Casillas
|
0-0: Called Strike 0-1: Foul Ball, location: 2F 0-2: Ball 1-2: Ground out 4-3 (Groundball, 4D)
|
Batting: RHB Jon Anderson
|
0-0: Ball 1-0: Ball 2-0: Called Strike 2-1: Called Strike 2-2: Strikes out swinging
|
Bottom of the 2nd over - 0 run(s), 0 hit(s), 0 error(s), 0 left on base; Southern California 2 - Arkansas 5 |
TOP OF THE 3RD |
Southern California Trojans batting - Pitching for Arkansas Razorbacks : RHP Bernard Kilkenny
|
Batting: RHB Wade Martin
|
0-0: Ball 1-0: Ball 2-0: Foul Ball, location: 2F 2-1: Ball 3-1: Base on Balls
|
Batting: RHB José Hernández
|
0-0: Ball 1-0: Ball 2-0: Called Strike 2-1: Foul Ball, location: 2F 2-2: SINGLE (Groundball, 4MD) Wade Martin to second
|
Batting: RHB Ben Byrd
|
0-0: Ball 1-0: Foul Ball, location: 2F 1-1: SINGLE (Flyball, 8LS) Wade Martin to third José Hernández to second Runner from 3rd tries for Home, SAFE, no throw
|
Batting: LHB Kel Smith
|
0-0: Ball 1-0: Ball 2-0: Fielders Choice at 2nd, 1-6 (Groundball, P) José Hernández to third
|
Batting: RHB Mike Carter
|
0-0: Called Strike 0-1: Ball 1-1: Fly out, F8 (Line Drive, 8RD) Runner from 3rd tags up, SCORES, no throw
|
Batting: SHB Will O'Clerkin
|
0-0: Foul Ball, location: 2F 0-1: Fly out, F7 (Line Drive, 78M)
|
Top of the 3rd over - 2 run(s), 2 hit(s), 0 error(s), 1 left on base; Southern California 4 - Arkansas 5 |
BOTTOM OF THE 3RD |
Arkansas Razorbacks batting - Pitching for Southern California Trojans : RHP Walt Dempsey
|
Batting: LHB Robert Mann
|
0-0: Ball 1-0: Called Strike 1-1: Called Strike 1-2: Ball 2-2: Ball 3-2: Base on Balls
|
Batting: RHB Corey Nichols
|
0-0: Ball 1-0: Ball 2-0: Called Strike 2-1: Swinging Strike 2-2: Ball 3-2: Base on Balls Robert Mann to second
|
Batting: LHB Edgardo Aguilar
|
0-0: Ball 1-0: Ball 2-0: Ball 3-0: Foul Ball, location: 2F 3-1: Foul Ball, location: 2F 3-2: Foul Ball, location: 2F 3-2: Base on Balls Robert Mann to third Corey Nichols to second
|
Batting: LHB Octávio Otero
|
0-0: GRAND SLAM HOME RUN (Flyball, 9D), Distance : 345 ft
|
Pitching: RHP Loren Jackson
|
|
Batting: LHB Phil Bishop
|
0-0: Ball 1-0: Ball 2-0: Ball 3-0: Base on Balls
|
Batting: RHB Wayne Workman
|
0-0: Fly out, F9 (Flyball, 9)
|
Batting: RHB John Gauthier
|
0-0: Foul Ball, location: 2F 0-1: Swinging Strike 0-2: Reached on error, E5 (Popup, 5L) Phil Bishop to second
|
Batting: LHB Jerry Casillas
|
0-0: Ball 1-0: Ball 2-0: Ball 3-0: Base on Balls Phil Bishop to third John Gauthier to second
|
Batting: RHB Jon Anderson
|
0-0: Ball 1-0: Ball 2-0: Called Strike 2-1: Foul Ball, location: 2F 2-2: Ball 3-2: Base on Balls Phil Bishop scores John Gauthier to third Jerry Casillas to second
|
Batting: LHB Robert Mann
|
0-0: Ball 1-0: Called Strike 1-1: Swinging Strike 1-2: Ball 2-2: Ball 3-2: Foul Ball, location: 2F 3-2: Base on Balls John Gauthier scores Jerry Casillas to third Jon Anderson to second
|
Batting: RHB Corey Nichols
|
0-0: Swinging Strike 0-1: Called Strike 0-2: Strikes out looking
|
Batting: LHB Edgardo Aguilar
|
0-0: Foul Ball, location: 2F 0-1: Fielders Choice at 2nd, 4-6 (Groundball, 4)
|
Bottom of the 3rd over - 6 run(s), 1 hit(s), 1 error(s), 2 left on base; Southern California 4 - Arkansas 11 |
TOP OF THE 4TH |
Southern California Trojans batting - Pitching for Arkansas Razorbacks : RHP Bernard Kilkenny
|
Batting: RHB Enrico Davis
|
0-0: Ball 1-0: Ball 2-0: Foul Ball, location: 2F 2-1: Ball 3-1: Base on Balls
|
Batting: LHB Steve Herman
|
0-0: Ball 1-0: Ball 2-0: Called Strike 2-1: Ball 3-1: Base on Balls Enrico Davis to second
|
Batting: RHB Eddy Davenport
|
0-0: Ball 1-0: Ball 2-0: Ball 3-0: Base on Balls Enrico Davis to third Steve Herman to second
|
Batting: RHB Wade Martin
|
0-0: Ball 1-0: Fielders Choice at 2nd, 3-6 (Groundball, 34) Enrico Davis scores Steve Herman to third
|
Batting: RHB José Hernández
|
0-0: Called Strike 0-1: Foul Ball, location: 2F 0-2: Fly out, F8 (Flyball, 8RS) Runner from 3rd tags up, SCORES, no throw
|
Pitching: RHP Jorge Santana
|
|
Batting: RHB Ben Byrd
|
0-0: Ball 1-0: Ball 2-0: Ball 3-0: Base on Balls Wade Martin to second
|
Batting: LHB Kel Smith
|
0-0: Ball 1-0: Ball 2-0: Ball 3-0: Called Strike 3-1: Base on Balls Wade Martin to third Ben Byrd to second
|
Batting: RHB Mike Carter
|
0-0: Called Strike 0-1: Called Strike 0-2: Strikes out looking
|
Top of the 4th over - 2 run(s), 0 hit(s), 0 error(s), 3 left on base; Southern California 6 - Arkansas 11 |
BOTTOM OF THE 4TH |
Arkansas Razorbacks batting - Pitching for Southern California Trojans : RHP Loren Jackson
|
Batting: LHB Octávio Otero
|
0-0: Ball 1-0: Called Strike 1-1: Foul Ball, location: 2F 1-2: Ball 2-2: Ground out 6-3 (Groundball, 6)
|
Batting: LHB Phil Bishop
|
0-0: Ball 1-0: Ball 2-0: Foul Ball, location: 2F 2-1: Ball 3-1: Called Strike 3-2: Foul Ball, location: 2F 3-2: Foul Ball, location: 2F 3-2: Ground out 4-3 (Groundball, 4)
|
Batting: RHB Wayne Workman
|
0-0: Fly out, F9 (Line Drive, 89S)
|
Bottom of the 4th over - 0 run(s), 0 hit(s), 0 error(s), 0 left on base; Southern California 6 - Arkansas 11 |
TOP OF THE 5TH |
Southern California Trojans batting - Pitching for Arkansas Razorbacks : RHP Jorge Santana
|
Batting: SHB Will O'Clerkin
|
0-0: Ball 1-0: Foul Ball, location: 2F 1-1: Called Strike 1-2: Ball 2-2: Ground out U3 (Groundball, 34)
|
Batting: RHB Enrico Davis
|
0-0: Ground out 5-3 (Groundball, 5)
|
Batting: LHB Steve Herman
|
0-0: Foul Ball, location: 2F 0-1: Swinging Strike 0-2: Strikes out swinging
|
Top of the 5th over - 0 run(s), 0 hit(s), 0 error(s), 0 left on base; Southern California 6 - Arkansas 11 |
BOTTOM OF THE 5TH |
Arkansas Razorbacks batting - Pitching for Southern California Trojans : RHP Loren Jackson
|
Batting: RHB John Gauthier
|
0-0: Ball 1-0: Fly out, F8 (Flyball, 78M)
|
Batting: LHB Jerry Casillas
|
0-0: Foul Ball, location: 2F 0-1: Fly out, F4 (Line Drive, 4)
|
Batting: RHB Jon Anderson
|
0-0: Ground out 6-3 (Groundball, 6)
|
Bottom of the 5th over - 0 run(s), 0 hit(s), 0 error(s), 0 left on base; Southern California 6 - Arkansas 11 |
TOP OF THE 6TH |
Southern California Trojans batting - Pitching for Arkansas Razorbacks : RHP Jorge Santana
|
Batting: RHB Eddy Davenport
|
0-0: Ground out 4-3 (Groundball, 4)
|
Batting: RHB Wade Martin
|
0-0: Called Strike 0-1: Ball 1-1: Ground out 4-3 (Groundball, 4)
|
Batting: RHB José Hernández
|
0-0: Called Strike 0-1: Ball 1-1: Called Strike 1-2: SINGLE (Groundball, 34D)
|
Batting: RHB Ben Byrd
|
0-0: Ball 1-0: Swinging Strike 1-1: Ball 2-1: Swinging Strike 2-2: Strikes out swinging
|
Top of the 6th over - 0 run(s), 1 hit(s), 0 error(s), 1 left on base; Southern California 6 - Arkansas 11 |
BOTTOM OF THE 6TH |
Arkansas Razorbacks batting - Pitching for Southern California Trojans : RHP Loren Jackson
|
Pitching: LHP Gary Dunlap
|
|
Batting: LHB Robert Mann
|
0-0: SINGLE (Flyball, 78S)
|
Batting: RHB Corey Nichols
|
0-0: Ball 1-0: Foul Ball, location: 2F 1-1: Ball 2-1: Swinging Strike 2-2: Foul Ball, location: 2F 2-2: Foul Ball, location: 2F 2-2: Ball 3-2: Strikes out swinging
|
Batting: LHB Edgardo Aguilar
|
0-0: Ball 1-0: Ground out U3 (Groundball, 3S) Robert Mann to second
|
Batting: LHB Octávio Otero
|
0-0: Swinging Strike 0-1: Ball Balk! Robert Mann to third 1-1: Foul Ball, location: 2F 1-2: SINGLE (Flyball, 7S) Robert Mann scores
|
Batting: LHB Phil Bishop
|
0-0: Called Strike 0-1: Ball Octávio Otero is caught stealing 2nd base
|
Bottom of the 6th over - 1 run(s), 2 hit(s), 0 error(s), 0 left on base; Southern California 6 - Arkansas 12 |
TOP OF THE 7TH |
Southern California Trojans batting - Pitching for Arkansas Razorbacks : RHP Jorge Santana
|
Batting: LHB Kel Smith
|
0-0: Called Strike 0-1: Ball 1-1: Ball 2-1: Ball 3-1: Base on Balls
|
Batting: RHB Mike Carter
|
0-0: Ball 1-0: Ball 2-0: Ball 3-0: Base on Balls Kel Smith to second
|
Batting: SHB Will O'Clerkin
|
0-0: Called Strike 0-1: 3-RUN HOME RUN (Flyball, 89XD), Distance : 387 ft
|
Pitching: LHP Júlio Flores
|
|
Batting: RHB Enrico Davis
|
0-0: Called Strike 0-1: Ball 1-1: Foul Ball, location: 2F 1-2: SINGLE (Groundball, 6D)
|
Batting: LHB Steve Herman
|
0-0: Called Strike 0-1: Ball 1-1: Called Strike 1-2: Ball 2-2: Ball 3-2: Base on Balls Enrico Davis to second
|
Batting: RHB Eddy Davenport
|
0-0: Swinging Strike 0-1: Ball 1-1: Swinging Strike 1-2: Ball 2-2: Ball 3-2: Foul Ball, location: 2F 3-2: Foul Ball, location: 2F 3-2: Strikes out looking Steve Herman is caught stealing 2nd base Batter strikes out.
|
Batting: RHB Wade Martin
|
0-0: Foul Ball, location: 2F 0-1: Foul Ball, location: 2F 0-2: Strikes out swinging
|
Top of the 7th over - 3 run(s), 2 hit(s), 0 error(s), 1 left on base; Southern California 9 - Arkansas 12 |
BOTTOM OF THE 7TH |
Arkansas Razorbacks batting - Pitching for Southern California Trojans : LHP Gary Dunlap
|
Batting: LHB Phil Bishop
|
0-0: SINGLE (Line Drive, 7S)
|
Batting: RHB Wayne Workman
|
0-0: Ball 1-0: Ball 2-0: Bunted foul 2-1: Bunted foul 2-2: Foul Ball, location: 2F 2-2: Foul Ball, location: 2F 2-2: Ball 3-2: Base on Balls Phil Bishop to second
|
Batting: RHB John Gauthier
|
0-0: Foul Ball, location: 2F 0-1: Ball 1-1: Foul Ball, location: 2F 1-2: DOUBLE (Line Drive, 7LM) Phil Bishop scores Wayne Workman to third
|
Pitching: RHP Mark Bailey
|
|
Batting: LHB Jerry Casillas
|
0-0: TRIPLE (Flyball, 9) Wayne Workman scores John Gauthier scores
|
Batting: RHB Jon Anderson
|
0-0: Ball 1-0: Ball 2-0: 2-RUN HOME RUN (Flyball, 78XD), Distance : 387 ft
|
Batting: LHB Robert Mann
|
0-0: Called Strike 0-1: Ball 1-1: SINGLE (Flyball, 89S)
|
Batting: RHB Corey Nichols
|
0-0: Swinging Strike 0-1: Foul Ball, location: 2F 0-2: Ball 1-2: Foul Ball, location: 2F 1-2: Fly out, F7 (Flyball, 7S)
|
Batting: LHB Edgardo Aguilar
|
0-0: Foul Ball, location: 2F 0-1: Ball 1-1: Swinging Strike 1-2: Strikes out swinging
|
Batting: LHB Octávio Otero
|
0-0: Fly out, F3 (Popup, 3S)
|
Bottom of the 7th over - 5 run(s), 5 hit(s), 0 error(s), 1 left on base; Southern California 9 - Arkansas 17 |
TOP OF THE 8TH |
Southern California Trojans batting - Pitching for Arkansas Razorbacks : LHP Júlio Flores
|
Now in LF: Victor Beach
|
|
Batting: RHB José Hernández
|
0-0: Ball 1-0: Called Strike 1-1: Ball 2-1: Ball 3-1: Base on Balls
|
Batting: RHB Ben Byrd
|
0-0: Ball 1-0: Ball 2-0: Ball Wild Pitch! José Hernández to second 3-0: Called Strike 3-1: Base on Balls
|
Batting: LHB Kel Smith
|
0-0: Called Strike 0-1: Ball 1-1: Swinging Strike 1-2: Strikes out looking
|
Batting: RHB Mike Carter
|
0-0: SINGLE (Line Drive, 8RS) José Hernández to third Ben Byrd to second
|
Batting: SHB Will O'Clerkin
|
0-0: Swinging Strike 0-1: Foul Ball, location: 2F 0-2: Foul Ball, location: 2F 0-2: Ball 1-2: Ball 2-2: Strikes out swinging
|
Batting: RHB Enrico Davis
|
0-0: Ball 1-0: Ball 2-0: Ball 3-0: Called Strike 3-1: Ground out 6-3 (Groundball, 6S)
|
Top of the 8th over - 0 run(s), 1 hit(s), 0 error(s), 3 left on base; Southern California 9 - Arkansas 17 |
BOTTOM OF THE 8TH |
Arkansas Razorbacks batting - Pitching for Southern California Trojans : RHP Mark Bailey
|
Batting: LHB Phil Bishop
|
0-0: Ground out 4-3 (Groundball, 4)
|
Batting: RHB Wayne Workman
|
0-0: Foul Ball, location: 2F 0-1: Ball 1-1: SINGLE (Line Drive, 7S)
|
Batting: RHB John Gauthier
|
0-0: SINGLE (Flyball, 8RS) Wayne Workman to second
|
Batting: LHB Jerry Casillas
|
0-0: Ball 1-0: Ball 2-0: Ball 3-0: Base on Balls Wayne Workman to third John Gauthier to second
|
Batting: RHB Jon Anderson
|
0-0: Foul Ball, location: 2F 0-1: Ball 1-1: Swinging Strike 1-2: Ball 2-2: Ball 3-2: Base on Balls Wayne Workman scores John Gauthier to third Jerry Casillas to second
|
Pitching: LHP Harry Arthur
|
|
Batting: LHB Robert Mann
|
0-0: Called Strike 0-1: Ball 1-1: Ball 2-1: Foul Ball, location: 2F Balk! John Gauthier scores Jerry Casillas to third Jon Anderson to second 2-2: Ball 3-2: Strikes out looking
|
Batting: RHB Corey Nichols
|
0-0: Foul Ball, location: 2F 0-1: Fly out, F5 (Popup, 5L)
|
Bottom of the 8th over - 2 run(s), 2 hit(s), 0 error(s), 2 left on base; Southern California 9 - Arkansas 19 |
TOP OF THE 9TH |
Southern California Trojans batting - Pitching for Arkansas Razorbacks : LHP Júlio Flores
|
Now at 1B: Stuart Mitchell
|
|
Batting: LHB Steve Herman
|
0-0: Ball 1-0: Foul Ball, location: 2F 1-1: Ball 2-1: Ground out 3-1 (Groundball, 34)
|
Batting: RHB Eddy Davenport
|
0-0: SOLO HOME RUN (Flyball, 7LD), Distance : 333 ft
|
Batting: RHB Wade Martin
|
0-0: Fly out, F8 (Line Drive, 8RD)
|
Batting: RHB José Hernández
|
0-0: Foul Ball, location: 2F 0-1: Called Strike 0-2: Fly out, F8 (Flyball, 8RM)
|
Top of the 9th over - 1 run(s), 1 hit(s), 0 error(s), 0 left on base; Southern California 10 - Arkansas 19 |
|